 Dungeon Crawl Stone Soup version 0.32-a0-918-g0f22ef8d61 (webtiles) character file.

Game seed: 8123149110273508054

7648 ezpacito the Trooper (level 11, -4/83 HPs)
             Began as a Coglin Chaos Knight on Apr 10, 2024.
             Was a Plaything of Xom.
             Slain by an orc warrior
             ... wielding a +2 short sword of electrocution
              (8 damage)
             ... on level 9 of the Dungeon.
             The game lasted 00:14:15 (8181 turns).

ezpacito the Trooper (Coglin Chaos Knight)          Turns: 8181, Time: 00:14:16

Health: -4/83      AC: 19    Str: 18      XL:     11   Next: 18%
Magic:  15/15      EV: 10    Int: 19      God:    Xom [.*....]
Gold:   115        SH:  0    Dex: 11 (12) Spells: 1/16 levels left

rFire   . . .        a - +0 hand axe (chaos) {Yae}
rCold   . . .        c - +3 hand axe (freeze) {Clara}
rNeg    + . .        A - +4 scale mail of Pobiudow {rN+ Str+3}
rPois   .            k - +0 helmet
rElec   .            m - +0 cloak {Will+}
rCorr   .            (no gloves)
SInv    .            E - +0 pair of boots
Will    +....        (amulet unavailable)
Stlth   +            (ring unavailable)
HPRegen 0.33/turn    (ring unavailable)
MPRegen 0.14/turn    (no gizmo)

%: no passive effects
@: revved
A: off-hand wielding, slow wielding, warmup strikes, no jewellery, iridescent
scales 2, clever 2, deterioration 1
a: Invent Gizmo, Renounce Religion


You were on level 9 of the Dungeon.
You worshipped Xom.
You were a plaything of Xom.
You visited 2 branches of the dungeon, and saw 11 of its levels.

You collected 520 gold pieces.
You spent 405 gold pieces at shops.

Inventory:

Hand Weapons
 a - a +0 hand axe of chaos (weapon) {Yae}
 b - a +1 heavy hand axe {Æðelind}
 c - a +3 hand axe of freezing (offhand) {Clara}
 o - a +0 hand cannon of freezing
 v - a +0 hand axe of flaming {Carmen}
 D - a +0 trident
Missiles
 h - 2 curare-tipped darts
 y - 4 boomerangs
 z - 23 poisoned darts
 F - a throwing net (quivered)
Armour
 k - a +0 helmet (worn)
 m - a +0 cloak of willpower (worn)
 s - the scarf "Fefai" {shadows, Harm rC+ rN+ Dex-3 Stlth+}
   (Xom gifted it to you on level 8 of the Dungeon)

   Dex-3:     It affects your dexterity (-3).
   rC+:       It protects you from cold.
   rN+:       It protects you from negative energy.
   Harm:      It increases damage dealt and taken.
   Stlth+:    It makes you more stealthy.
 A - the +4 scale mail of Pobiudow (worn) {rN+ Str+3}
   (You found it on level 4 of the Dungeon)

   Str+3:     It affects your strength (+3).
   rN+:       It protects you from negative energy.
 C - +0 acid dragon scales
 E - a +0 pair of boots (worn)
Magical Staves
 j - a staff of alchemy
Wands
 n - a wand of roots (13)
 u - a wand of flame (19)
Scrolls
 d - a scroll of noise
 f - 2 scrolls of immolation
 l - a scroll of enchant weapon
 p - a scroll of acquirement
 r - 5 scrolls of enchant armour
 t - 6 scrolls of teleportation
 w - a scroll of silence
 x - 2 scrolls of poison
Potions
 e - 7 potions of enlightenment
 g - 2 potions of mutation
 q - 3 potions of curing
 B - a potion of attraction


   Skills:
 * Level 6.8 Fighting
 * Level 6.6(7.7) Axes
 * Level 5.2(6.6) Polearms
 + Level 1.0 Ranged Weapons
 * Level 5.7 Armour
 * Level 5.5 Dodging
 + Level 3.4 Stealth
 + Level 2.9 Unarmed Combat
 + Level 3.0 Spellcasting
 + Level 2.5 Conjurations
 + Level 2.7 Ice Magic
 + Level 2.4 Air Magic
 + Level 4.0 Alchemy
 + Level 5.0 Evocations


You had one spell level left.
You knew the following spells:

 Your Spells              Type           Power      Damage    Failure   Level
a - Mercury Vapours       Alch/Air       30%        N/A       17%         2
b - Freezing Cloud        Conj/Ice/Air   6%         6-21      99%         5
c - Fulminant Prism       Conj/Alch      7%         3d7       75%         4
d - Shock                 Conj/Air       48%        1d6       16%         1
x - Mephitic Cloud        Conj/Alch/Air  14%        N/A       36%         3

Your spell library contained the following spells:

 Spells                   Type           Power      Damage    Failure   Level
 Swiftness                Air            12%        N/A       43%         3
 Teleport Other           Tloc           2%         N/A       78%         3
 Volatile Blastmotes      Fire/Tloc      4%         2d10      78%         3
 Airstrike                Air            6%         2d(1-17)  85%         4
 Iskenderun's Mystic Bla Conj/Tloc 7%             2d4        (+2d1     95%         4
 Dispersal                Tloc           1%         N/A       100%        6
 Gell's Gavotte           Tloc           1%         2d(11-17) 100%        6


Dungeon Overview and Level Annotations

Branches:
Dungeon (10/15)            Temple (1/1) D:4            Lair (0/5) D:9
    Orc: D:9-12

Altars:
Ashenzari
Cheibriados
Dithmenos
Elyvilon
Fedhas
Gozag
Hepliaklqana
Kikubaaqudgha
Makhleb
Nemelex Xobeh
Okawaru
Qazlal
Ru
Sif Muna
Trog
Uskayaw
Vehumet
Wu Jian
Xom
Yredelemnul
Zin
The Shining One

Shops:
D:3 *   D:4 ?(?   D:9 *


Innate Abilities, Weirdness & Mutations

You can wield a second weapon in your off-hand.
It takes a long time for you to wield or remove held weapons.
Your first few attacks do less damage.
You cannot equip rings or amulets.
You are mostly covered in iridescent scales. (AC +4)
Your mind is very acute. (Int +8, Str/Dex -2)
Your body sometimes deteriorates upon taking damage.


Message History

The orc warrior hits you with a +2 short sword of electrocution!
Your body deteriorates!
You feel clumsy.
You take 11 damage, and have 57/83 hp.
You are too injured to fight recklessly!
You are too injured to fight recklessly!
You are too injured to fight recklessly!
You are too injured to fight recklessly!
You are too injured to fight recklessly!
You hit the orc warrior with your +3 hand axe of freezing.
You freeze the orc warrior.
The orc warrior is moderately wounded.
You hit the orc warrior but do no damage.
The orc warrior hits you but does no damage.
You are electrocuted!!
Your iron imp completely misses the orc warrior.
You take 18 damage, and have 39/83 hp.
MASSIVE DAMAGE!!
You hit the orc warrior with your +3 hand axe of freezing.
You freeze the orc warrior.
The orc warrior is moderately wounded.
You closely miss the orc warrior with your +0 hand axe of chaos.
The orc warrior hits you with a +2 short sword of electrocution!
You are electrocuted!
* * * LOW HITPOINT WARNING * * *
Your iron imp hits the orc warrior.
You take 27 damage, and have 12/83 hp.
MASSIVE DAMAGE!!
You hit the orc warrior but do no damage.
The orc warrior is poisoned.
The orc warrior is heavily wounded.
You closely miss the orc warrior with your +3 hand axe of freezing.
The orc warrior hits you with a +2 short sword of electrocution!
* * * LOW HITPOINT WARNING * * *
Your iron imp closely misses the orc warrior.
You take 9 damage, and have 3/83 hp.
Okay, then.
Okay, then.
The orc warrior barely misses you.
Your iron imp hits the orc warrior.
Found Budof Uwyny's Assorted Antiques.
The orc warrior attacks as it pursues you!
The orc warrior hits you with a +2 short sword of electrocution!
You die...

.. ...##.##..##....... # #.
#..##.#............ ###. #.
#..##.#...##†..#
#....#.##...#.#...##...#
#.................##)).#
......).5...........)..##.#
#.#.##.....................
∩##.##o........##...##.#
#.......@#+#.........# #
#.......ß# #ß...##...#
#.##...### ###..##...#
#...... +..##...# #.##.#.
#..##.<.# . ..... ........#
...... .... .#


You could see an orc warrior (strong, very poisoned, ally target) and a friendly
iron imp (summoned).

Vanquished Creatures
  2 two-headed ogres (D:10)
  A boulder beetle (D:7)
  Maurice (D:7)
  A kobold demonologist (D:10)
  Psyche (D:8)
  Grinder (D:4)
  Sigmund (D:3)
  A steam dragon (D:8)
  Menkaure (D:7)
  Duvessa (D:7)
  An acid dragon (D:9)
  2 ice beasts
  2 orc warriors
  A black bear (D:5)
  2 ogres
  A phantom (D:7)
  2 centaurs (D:8)
  3 kobold brigands
  A gnoll sergeant (D:10)
  4 bullfrogs
  4 scorpions
  4 wights (D:8)
  Dowan (D:7)
  19 killer bees
  A vampire bat (D:3)
  3 howler monkeys (D:6)
  5 jellies
  2 hounds
  A bombardier beetle (D:5)
  2 gnoll boudas
  An orc priest (D:9)
  A sleepcap (D:6)
  Crazy Yiuf (D:3)
  4 iguanas
  8 orc wizards
  Robin (D:3)
  16 gnolls
  4 adders
  A shadow imp (D:5)
  A white imp (D:5)
  3 dart slugs
  3 fire bats (D:3)
  2 ribbon worms
  16 orcs
  2 spectral bats (D:3)
  4 ball pythons
  14 bats
  3 bat skeletons (D:3)
  A bat zombie (D:3)
  6 endoplasms
  5 giant cockroaches
  9 hobgoblins
  4 jackals (D:3)
  20 kobolds
  A quokka (D:2)
  3 training dummies (D:4)
  A bat simulacrum (D:3)
  2 frilled lizards
  16 goblins
  8 rats
233 creatures vanquished.

Vanquished Creatures (collateral kills)
  Edmund (D:5)
  An orc warrior (D:9)
  A black bear (D:3)
  A bullfrog (D:5)
  A bombardier beetle (D:5)
  2 goblins (D:3)
  A hobgoblin (D:3)
  A kobold (D:6)
9 creatures vanquished.

Vanquished Creatures (others)
  A kobold zombie (D:6)
  A kobold (D:6)
2 creatures vanquished.

Grand Total: 244 creatures vanquished

Notes
Turn   | Place    | Note
-------+----------+-------------------------------------------
     0 | D:1      | ezpacito the Coglin Chaos Knight began the quest for the
                  | Orb.
     0 | D:1      | Reached XP level 1. HP: 18/18 MP: 1/1
    71 | D:1      | Reached skill level 1 in Dodging
   108 | D:1      | XOM: butterfly on damage
   110 | D:1      | Reached XP level 2. HP: 11/24 MP: 2/2
   177 | D:1      | Saving game... please wait.
   177 | D:1      | Upgraded the game from 0.32-a0-913-g739538afd8 to
                  | 0.32-a0-918-g0f22ef8d61
   215 | D:1      | XOM: divination: magic mapping
   322 | D:1      | Found a faded altar of an unknown god.
   552 | D:1      | XOM: silly message
   768 | D:2      | Reached XP level 3. HP: 29/29 MP: 3/3
   845 | D:2      | Reached skill level 1 in Polearms
  1246 | D:2      | XOM: give mutation
  1246 | D:2      | Gained mutation: You are partially covered in iridescent
                  | scales. (AC +2) [Xom's grace]
  1308 | D:3      | Found Kacif's Assorted Antiques.
  1313 | D:3      | Bought a lumpy green potion for 22 gold pieces
  1313 | D:3      | Bought a silvery potion for 22 gold pieces
  1326 | D:3      | Reached XP level 4. HP: 35/35 MP: 4/4
  1362 | D:3      | Noticed Sigmund
  1369 | D:3      | Killed Sigmund
  1370 | D:3      | Reached skill level 1 in Alchemy
  1370 | D:3      | Reached skill level 1 in Evocations
  1370 | D:3      | Reached XP level 5. HP: 33/42 MP: 4/6
  1534 | D:3      | Noticed a black bear
  1538 | D:3      | XOM: summons 3 friendly demons
  1542 | D:3      | Killed a black bear
  1543 | D:3      | Reached skill level 1 in Stealth
  1543 | D:3      | Reached skill level 1 in Spellcasting
  1543 | D:3      | Reached XP level 6. HP: 44/48 MP: 7/7
  1543 | D:3      | Noticed Robin
  1551 | D:3      | Killed Robin
  1688 | D:3      | XOM is BORED!
  1688 | D:3      | XOM: summons 2 hostile demons
  1689 | D:3      | Noticed an orange demon
  1828 | D:3      | XOM: cleaving
  1882 | D:3      | Reached XP level 7. HP: 54/54 MP: 8/8
  1945 | D:3      | XOM: noise
  1988 | D:3      | XOM: give mutations
  1988 | D:3      | Gained mutation: You passively dampen the noise of your
                  | surroundings. [Xom's grace]
  1988 | D:3      | Gained mutation: You have a pair of small horns on your
                  | head. [Xom's grace]
  1999 | D:3      | Found a runed translucent door.
  2000 | D:3      | Noticed Crazy Yiuf
  2006 | D:3      | Killed Crazy Yiuf
  2164 | D:4      | XOM: enchant monster (good)
  2267 | D:4      | Noticed Grinder
  2270 | D:4      | XOM: confuse monster(s)
  2278 | D:4      | Killed Grinder
  2370 | D:4      | Found a staircase to the Ecumenical Temple.
  2379 | D:4      | Reached XP level 8. HP: 61/61 MP: 10/10
  2385 | Temple   | Entered the Ecumenical Temple
  2421 | D:4      | Found Hups's Magic Scroll Shoppe.
  2429 | D:4      | Bought a scroll of identify for 26 gold pieces
  2429 | D:4      | Bought a scroll of identify for 26 gold pieces
  2429 | D:4      | Bought a scroll of teleportation for 39 gold pieces
  2429 | D:4      | Bought a scroll of teleportation for 39 gold pieces
  2502 | D:4      | XOM: noise
  2590 | D:4      | Found Paikhly's Magic Scroll Shop.
  2600 | D:4      | Bought a scroll of identify for 24 gold pieces
  2703 | D:4      | Found Golaown's Firing Range.
  2771 | D:4      | Reached skill level 1 in Unarmed Combat
  2793 | D:4      | XOM: give mutations
  2793 | D:4      | Gained mutation: You are mostly covered in iridescent
                  | scales. (AC +4) [Xom's mischief]
  2793 | D:4      | Gained mutation: You are clumsy. (Dex -2) [Xom's mischief]
  2793 | D:4      | Lost mutation: You have a pair of small horns on your head.
                  | [Xom's mischief]
  2803 | D:4      | Identified the +4 scale mail of Pobiudow {rN+ Str+3}
  2826 | D:4      | Learned a level 2 spell: Mercury Vapours
  2830 | D:4      | Learned a level 3 spell: Mephitic Cloud
  2836 | D:4      | Learned a level 5 spell: Freezing Cloud
  2926 | D:5      | Entered Level 5 of the Dungeon
  3045 | D:5      | XOM: 1-stop teleportation journey
  3085 | D:5      | Found a sacrificial altar of Ru.
  3087 | D:5      | Found a blossoming altar of Fedhas.
  3088 | D:5      | Found a glowing silver altar of Zin.
  3088 | D:5      | Found a sparkling altar of Nemelex Xobeh.
  3148 | D:5      | XOM: 1-stop teleportation journey
  3176 | D:5      | Found a radiant altar of Vehumet.
  3176 | D:5      | Found a stormy altar of Qazlal.
  3290 | D:5      | XOM: 5-stop teleportation journey
  3326 | D:5      | XOM: give mutations
  3326 | D:5      | Gained mutation: Your mind is acute. (Int +4, Str/Dex -1)
                  | [Xom's grace]
  3326 | D:5      | Gained mutation: You have a pair of small antennae on your
                  | head. [Xom's grace]
  3326 | D:5      | Lost mutation: You are clumsy. (Dex -2) [Xom's grace]
  3493 | D:5      | Noticed Edmund
  3496 | D:5      | XOM: confuse monster(s)
  3500 | D:5      | Reached skill level 5 in Fighting
  3504 | D:5      | XOM: summons friendly ufetubus
  3507 | D:5      | XOM: enchant monster (bad)
  3507 | D:5      | Killed Edmund
  3508 | D:5      | Reached skill level 5 in Axes
  3541 | D:5      | XOM: give mutations
  3541 | D:5      | Lost mutation: You have a pair of small antennae on your
                  | head. [Xom's mischief]
  3541 | D:5      | Gained mutation: Your body sometimes deteriorates upon
                  | taking damage. [Xom's mischief]
  3541 | D:5      | Gained mutation: Armour fits poorly on your strangely
                  | shaped body. [Xom's mischief]
  3554 | D:5      | XOM: stat loss: -1 Str (16/17)
  3669 | D:5      | Found a hide-covered altar of Uskayaw.
  3786 | D:5      | Reached XP level 9. HP: 68/68 MP: 12/12
  3958 | D:5      | Reached skill level 1 in Ice Magic
  3958 | D:5      | Reached skill level 1 in Air Magic
  4002 | D:5      | XOM: summons 7 friendly demons
  4005 | D:5      | Reached skill level 1 in Conjurations
  4083 | D:5      | Identified the +2 scale mail of the Eternal Fruit {rF+
                  | Dex+4}
  4465 | D:6      | XOM: polymorph iguana -> adder
  4921 | D:4      | Bought a scroll of identify for 24 gold pieces
  4921 | D:4      | Bought a scroll of identify for 24 gold pieces
  4921 | D:4      | Bought a scroll of identify for 24 gold pieces
  4921 | D:4      | Bought a scroll of teleportation for 36 gold pieces
  4922 | D:4      | Identified a scroll of acquirement
  5095 | D:7      | Found an ancient bone altar of Kikubaaqudgha.
  5176 | D:7      | Noticed a boulder beetle
  5186 | D:7      | XOM: summons friendly crimson imp
  5212 | D:7      | Killed a boulder beetle
  5359 | D:7      | You fall into a shaft and drop 3 floors!
  5359 | D:10     | Entered Level 10 of the Dungeon
  5426 | D:10     | Noticed a two-headed ogre
  5426 | D:10     | Noticed a two-headed ogre
  5456 | D:10     | XOM: enchant monster (bad)
  5457 | D:10     | Killed a two-headed ogre
  5458 | D:10     | Reached skill level 5 in Armour
  5458 | D:10     | Reached XP level 10. HP: 76/76 MP: 13/13
  5459 | D:10     | Killed a two-headed ogre
  5471 | D:10     | Learned a level 4 spell: Fulminant Prism
  5510 | D:10     | Noticed a kobold demonologist
  5513 | D:10     | XOM: cleaving
  5520 | D:10     | Killed a kobold demonologist
  5628 | D:10     | Reached skill level 5 in Dodging
  5734 | D:10     | XOM: smoke on damage
  6088 | D:7      | XOM: give mutations
  6088 | D:7      | Gained mutation: Your mind is very acute. (Int +8, Str/Dex
                  | -2) [Xom's mischief]
  6088 | D:7      | Lost mutation: You passively dampen the noise of your
                  | surroundings. [Xom's mischief]
  6088 | D:7      | Lost mutation: Armour fits poorly on your strangely shaped
                  | body. [Xom's mischief]
  6132 | D:7      | Noticed Duvessa
  6132 | D:7      | Noticed Dowan
  6133 | D:7      | XOM: cast spell 'Metabolic Englaciation'
  6137 | D:7      | Killed Duvessa
  6140 | D:7      | Killed Dowan
  6171 | D:7      | XOM: 3-stop teleportation journey
  6184 | D:7      | Noticed Menkaure
  6197 | D:7      | Killed Menkaure
  6291 | D:7      | Noticed Maurice
  6293 | D:7      | XOM: summons 5 friendly demons
  6297 | D:7      | Maurice stole a staff of alchemy
  6303 | D:7      | Killed Maurice
  6443 | D:7      | XOM: summons 2 friendly demons
  6600 | D:4      | Bought a +0 hand cannon of freezing for 99 gold pieces
  6771 | D:8      | Reached skill level 5 in Polearms
  6792 | D:8      | Noticed Psyche
  6798 | D:8      | Killed Psyche
  6799 | D:8      | Reached XP level 11. HP: 32/83 MP: 15/15
  7346 | D:8      | Reached skill level 5 in Evocations
  7735 | D:8      | Identified the scarf "Fefai" {shadows, Harm rC+ rN+ Dex-3
                  | Stlth+} (Xom gifted it to you on level 8 of the Dungeon)
  7735 | D:8      | XOM: god gift: scarf "Fefai" {shadows, Harm rC+ rN+ Dex-3
                  | Stlth+}
  7739 | D:8      | Learned a level 1 spell: Shock
  7867 | D:8      | XOM: torment (47/83 hp)
  8135 | D:9      | Found a staircase to the Lair.
  8135 | D:9      | XOM: 3-stop teleportation journey
  8139 | D:9      | XOM: summons friendly iron imp
  8148 | D:9      | Reached skill level 1 in Ranged Weapons
  8178 | D:9      | HP: 3/83 [orc warrior/+2 short sword of electrocution (9)]
  8181 | D:9      | Found Budof Uwyny's Assorted Antiques.
  8181 | D:9      | Slain by an orc warrior

Illustrated notes

Levels and vault maps discovered:
D:1:      sevenhm_arrival_forest_fort_small_3, layout_loops_ring,
          ebering_ecumenical_altar_hall
D:2:      layout_loops_ring, minivault_27
D:3:      layout_rooms, serial_shops, shop, chequers_serial_rivers_micro_c,
          goddamned_bats, uniq_robin, uniq_crazy_yiuf_cottage, uniq_sigmund
D:4:      layout_loops_cross, minmay_temple_entry_stoned_glass, serial_shops,
          nicolae_shop_stone, nicolae_shop_advertising_works
          [nicolae_subvault_shop_adworks], nicolae_shop_firing_range,
          uniq_grinder
D:5:      layout_loops_corners, kennysheep_little_box,
          grunt_temple_overflow_open, gammafunk_temple_overflow_statue,
          minmay_crossroads, uniq_edmund
D:6:      layout_rooms
D:7:      layout_basic, kiku_gazebo_garden_becter,
          chequers_serial_rivers_micro_b, uniq_maurice, uniq_duvessa,
          uniq_menkaure
D:8:      layout_layer_cave, uniq_psyche
D:9:      gammafunk_sealed_arena, layout_basic, dpeg_oklobed_lair, serial_shops,
          shop, nicolae_shop_real_fake_doors, shop, nicolae_shop_crystal
D:10:     layout_irregular_city, nicolae_phantomly_mirrored, uniq_amaemon
Temple:   compressed_dpeg_circular_temple

Skill      XL: |  1  2  3  4  5  6  7  8  9 10 11 |
---------------+----------------------------------+-----
Dodging        | 1 2 3 4 5 |  5.5
Armour         | 2 3 4 5 |  5.7
Polearms       | 1 2 3 4 5 |  5.2
Alchemy        | 1 2 3 4 |  4.0
Evocations     | 1 2 3 4 5 |  5.0
Stealth        | 1 2 3 |  3.4
Spellcasting   | 1 2 3 |  3.0
Axes           | 4 5 6 |  6.6
Fighting       | 4 5 6 |  6.8
Unarmed Combat | 1 2 |  2.9
Ice Magic      | 1 2 |  2.7
Air Magic      | 1 2 |  2.4
Conjurations   | 1 2 |  2.5
Ranged Weapons | 1 |  1.0

Action                     |  1- 3 |  4- 6 |  7- 9 | 10-12 || total
---------------------------+-------+-------+-------+-------++-------
  Melee: Hand axe          |    75 |    94 |   478 |   389 ||  1036
         Dagger            |    35 |       |       |       ||    35
         Headbutt          |       |       |     7 |       ||     7
  Throw: Throwing net      |       |       |       |     1 ||     1
  Evoke: Wand              |       |       |     7 |     6 ||    13
    Use: Scroll            |       |       |    10 |     3 ||    13
         Potion            |       |       |     8 |     2 ||    10
   Stab: Sleeping          |     1 |       |       |       ||     1
         Confused          |       |       |     7 |     6 ||    13
         Paralysed         |       |       |     8 |     2 ||    10
         Held in net/web   |       |       |     2 |     2 ||     4
         Invisible         |       |       |     4 |       ||     4
         Petrified         |       |       |     2 |       ||     2
         Petrifying        |       |       |     1 |     1 ||     2
 Armour: Leather armour    |    15 |       |       |       ||    15
         Chain mail        |    29 |    95 |    34 |       ||   158
         Scale mail        |       |       |   161 |   182 ||   343
  Dodge: Dodged            |    23 |    35 |   118 |   121 ||   297

Table legend: (Time is in decaauts)
 A = Elapsed time spent in this place.
 B = Non-inter-level travel time spent in this place.
 C = Inter-level travel time spent in this place.
 D = Time resting spent in this place.
 E = Time spent auto-exploring this place.
 F = Levels seen in this place.
 G = Mean time per level.
                   A        B        C        D        E       F      G
               +--------+--------+--------+--------+--------+-----+--------+
         Total |   8220 |   7713 |    507 |      0 |   6200 |  11 |  747.3 |
       Dungeon |   8219 |   7713 |    506 |      0 |   6200 |  10 |  821.9 |
        Temple |      1 |      1 |      0 |      0 |      0 |   1 |    1.0 |
               +--------+--------+--------+--------+--------+-----+--------+

Top non-repeatable levels by time:
     D:8: 1488 daAuts
     D:5: 1316 daAuts
     D:7: 1156 daAuts
     D:4: 909 daAuts
     D:3: 848 daAuts
     D:6: 725 daAuts
     D:1: 708 daAuts
     D:2: 611 daAuts
    D:10: 392 daAuts
     D:9: 63 daAuts
  Temple: 1 daAuts
